 Dungeon Crawl Stone Soup version 0.30-a0-711-gf4ac18a38d (webtiles) character file.

Game seed: 11291668402825172012

42 tilp the Covered (level 4, -5/39 HPs)
             Began as a Meteoran Fighter on Jan 22, 2023.
             Slain by Sigmund
             ... wielding a +0 scythe
              (7 damage)
             ... on level 2 of the Dungeon.
             The game lasted 00:02:01 (346 turns).

tilp the Covered (Meteoran Fighter)                  Turns: 346, Time: 00:02:01

Health: -5/39      AC:  9    Str: 18    XL:     4   Next: 5%
Magic:  5/5        EV: 10    Int:  9    God:
Gold:   66         SH:  5    Dex: 13    Spells: 3/3 levels left

rFire   . . .      SeeInvis .    a - +0 long sword
rCold   . . .      Faith    .    c - +0 buckler
rNeg    . . .      Spirit   .    f - +2 ring mail {rPois}
rPois   +          Reflect  .    (no helmet)
rElec   .          Harm     .    (no cloak)
rCorr   .          Rampage  .    (no gloves)
Will    .....                    l - +0 pair of boots
Stlth   +                        (no amulet)
HPRegen 0.26/turn                (no ring)
MPRegen 0.09/turn                (no ring)

@: glowing
A: sense surroundings 1, otherworldly, glowing, explore regen, hooves 1, clumsy
1, subdued magic 1
a: no special abilities


You were on level 2 of the Dungeon.
You visited 1 branch of the dungeon, and saw 2 of its levels.

You collected 66 gold pieces.

Inventory:

Hand Weapons
 a - a +0 long sword (weapon)
Missiles
 e - 5 stones (quivered)
 j - 3 silver javelins
Armour
 b - a +0 scale mail
 c - a +0 buckler (worn)
 f - a +2 ring mail of poison resistance (worn)
 l - a +0 pair of boots (worn)
Wands
 d - a wand of flame (18)
Scrolls
 k - 2 scrolls of identify {unknown}
 n - a scroll of acquirement {unknown}
Potions
 g - a potion of mutation
 h - a potion of ambrosia {unknown}
 i - a potion of brilliance {unknown}
 m - a potion of lignification {unknown}


   Skills:
 + Level 3.6 Fighting
 + Level 2.9 Long Blades
 + Level 0.2 Throwing
 + Level 3.9 Armour
 * Level 1.7 Dodging
 + Level 0.6 Stealth
 + Level 3.8 Shields
 + Level 0.0 Evocations


You had 3 spell levels left.
You didn't know any spells.
Your spell library was empty.

Dungeon Overview and Level Annotations

Branches:
Dungeon (2/15) Zot: 826

Altars:
Xom

Annotations:
D:2 Sigmund


Innate Abilities, Weirdness & Mutations

You passively map a small area around you.
You are easily found by Zot.
You glow in the dark.
You regain HP and MP as you explore.
You have large cloven feet.
You are clumsy. (Dex -2)
Your spells are a little easier to cast, but a little less powerful.


Message History

Sigmund shouts!
Sigmund mumbles some strange words.
Sigmund flickers and vanishes!
Deactivating autopickup; reactivate with Ctrl-A.
Found a chain mail.
Something hits you.
There is an open door here.
There is a stone staircase leading up here.
You start waiting.
There is a strange disturbance nearby!
Something hits you but does no damage. Something hits you.
You hit something. Something hits you!
You miss something. You closely miss something.
You hear some strange, mumbled words.
A puff of flame appears from out of thin air!
You block the puff of flame. Something hits you.
You barely miss something.
You hear some strange, mumbled words.
A puff of flame appears from out of thin air!
The puff of flame hits you!
You slash something! Something hits you.
You closely miss something. Something hits you but does no damage.
You barely miss something. Something hits you.
* * * LOW HITPOINT WARNING * * *
You hit something. You hit something but do no damage.
You block something's attack.
You hit something but do no damage. Something hits you!
* * * LOW HITPOINT WARNING * * *
You hit something. Something hits you.
* * * LOW HITPOINT WARNING * * *
You miss something. Something hits you.
* * * LOW HITPOINT WARNING * * *
Unknown command.
It was a potion of mutation.
You feel extremely strange.
You feel clumsy.
Your connection to magic feels subdued.
Your feet thicken and deform.
Something hits you!
You die...

, #######?##. , * ##
..........* #..
........,
###..##.[...# ,
#...........# * *
#..#..._..# *
#.........# ,
,##.##.@....# #+## ,
+....{###<.# #...#
##.......>.#*#.....
*,
####..######......,
#
######...####.....[.
,##
............'.......
+^ , *
###.##...##.#.......
,## * #
#...###.##...... # ,
#...# #.# #.....


There were no monsters in sight!

Vanquished Creatures
  Jessica (D:1)
  A dart slug (D:1)
  A ball python (D:2)
  2 endoplasms (D:1)
  A giant cockroach (D:1)
  2 goblins (D:1)
  A hobgoblin (D:1)
  2 bats (D:1)
  A frilled lizard (D:1)
  3 rats (D:1)
15 creatures vanquished.

Notes
Turn   | Place    | Note
-------+----------+-------------------------------------------
     0 | D:1      | tilp the Meteoran Fighter began the quest for the Orb.
     0 | D:1      | Reached XP level 1. HP: 19/19 MP: 2/2
    59 | D:1      | Reached XP level 2. HP: 7/26 MP: 3/3
   200 | D:2      | Noticed Jessica
   206 | D:1      | Killed Jessica
   207 | D:1      | Reached skill level 1 in Dodging
   207 | D:1      | Reached XP level 3. HP: 22/31 MP: 4/4
   284 | D:1      | Reached XP level 4. HP: 34/39 MP: 5/5
   293 | D:2      | Found a shimmering altar of Xom.
   320 | D:2      | Noticed Sigmund
   345 | D:2      | HP: 1/39 [something (4)]
   346 | D:2      | Gained mutation: You are clumsy. (Dex -2) [potion of
                  | mutation]
   346 | D:2      | Gained mutation: Your spells are a little easier to cast,
                  | but a little less powerful. [potion of mutation]
   346 | D:2      | Gained mutation: You have large cloven feet. [potion of
                  | mutation]
   346 | D:2      | Slain by Sigmund

Illustrated notes

Levels and vault maps discovered:
D:1:      wander_arrival_lonely_grave, layout_rooms, minmay_misc_feat_tower,
          minmay_fountain_box, minmay_pentomino_p4
D:2:      layout_loops_corners, serial_shops, shop,
          shapermc_ecumenical_altar_flowoftime, basic_altar, uniq_jessica,
          uniq_sigmund

Skill      XL: |  1  2 |
---------------+-------+-----
Dodging        | 1 |  1.7
Fighting       | |  3.6
Long Blades    | |  2.9
Throwing       | |  0.2
Armour         | |  3.9
Stealth        | |  0.6
Shields        | |  3.8

Action                     |  1- 3 |  4- 6 || total
---------------------------+-------+-------++-------
  Melee: Long sword        |    37 |    13 ||    50
    Use: Potion            |     1 |     1 ||     2
 Armour: Ring mail         |    32 |     2 ||    34
  Dodge: Dodged            |    23 |       ||    23
  Block: Buckler           |    11 |     2 ||    13

Table legend: (Time is in decaauts)
 A = Elapsed time spent in this place.
 B = Non-inter-level travel time spent in this place.
 C = Inter-level travel time spent in this place.
 D = Time resting spent in this place.
 E = Time spent auto-exploring this place.
 F = Levels seen in this place.
 G = Mean time per level.
                   A        B        C        D        E       F      G
               +--------+--------+--------+--------+--------+-----+--------+
         Total |    372 |    353 |     19 |      2 |      0 |   2 |  186.0 |
       Dungeon |    372 |    353 |     19 |      2 |      0 |   2 |  186.0 |
               +--------+--------+--------+--------+--------+-----+--------+

Top non-repeatable levels by time:
     D:1: 313 daAuts
     D:2: 58 daAuts
